 Dungeon Crawl Stone Soup version 0.31-a0-360-gb3e1d13bf4 (webtiles) character file.

Game seed: 4648560625119352133

8327 klm127 the Thaumaturge (level 11, -1/84 HPs)
             Began as a Red Draconian Conjurer on July 26, 2023.
             Was an Elder of Vehumet.
             Slain by a tengu warrior
             ... wielding a +0 long sword
              (2 damage)
             ... on level 13 of the Dungeon.
             The game lasted 01:08:30 (12904 turns).

klm127 the Thaumaturge (Red Draconian Conjurer)    Turns: 12904, Time: 01:08:31

Health: -1/84      AC:  8    Str: 11    XL:     11   Next: 8%
Magic:  12/27      EV: 13    Int: 34    God:    Vehumet [****..]
Gold:   704        SH:  0    Dex: 12    Spells: 12/30 levels left

rFire   + + .        g - +9 sling of Vedaer {elec, Int+7 Dex-2}
rCold   + . .        (no shield)
rNeg    . . .        (body armour unavailable)
rPois   .            (helmet restricted)
rElec   .            b - scarf {rC+ rF+}
rCorr   +            (no gloves)
SInv    .            Q - +0 pair of boots "Efihewon" {rCorr Str+2}
Will    .....        (no amulet)
Stlth   ++           u - +6 ring of dexterity
HPRegen 0.34/turn    J - ring of wizardry
MPRegen 0.20/turn

%: wizardry (x1)
@: no status effects
A: breathe fire, AC +7, unfitting armour, fire resistance 1, cold-blooded, horns
1, clever 1, high MP 1, MP-powered wands
a: Breathe Fire, Renounce Religion


You were on level 13 of the Dungeon.
You worshipped Vehumet.
Vehumet was greatly pleased with you.
You visited 2 branches of the dungeon, and saw 14 of its levels.
You also visited: Ossuary.

You collected 704 gold pieces.

Inventory:

Hand Weapons
 d - a +0 club
 g - the +9 sling of Vedaer (weapon) {elec, Int+7 Dex-2}
   (You took it off an orc priest on level 5 of the Dungeon)

   Int:       It affects your intelligence (+7).
   Dex:       It affects your dexterity (-2).
 i - a +0 dagger
 s - a +0 quarterstaff
Missiles
 v - 19 boomerangs
 A - 56 stones
Armour
 b - a scarf of resistance (worn)
 c - a +0 pair of boots
 t - a +0 ring mail
 N - a +0 cloak of preservation
 Q - the +0 pair of boots "Efihewon" (worn) {rCorr Str+2}
   (You found it on level 9 of the Dungeon)

   Str:       It affects your strength (+2).
   rCorr:     It protects you from acid and corrosion.
Magical Staves
 q - a staff of earth
 M - a staff of fire
 P - a staff of conjuration
Jewellery
 u - a +6 ring of dexterity (left hand)
 J - a ring of wizardry (right hand)
 S - a ring of positive energy
 T - a ring of resist corrosion
Talismans
 h - a beast talisman
 w - a serpent talisman
Wands
 y - a wand of acid (6)
 H - a wand of polymorph (7)
 O - a wand of paralysis (3)
 R - a wand of flame (7)
Scrolls
 e - a scroll of immolation {unknown}
 k - 3 scrolls of enchant weapon
 l - 2 scrolls of revelation
 o - 3 scrolls of enchant armour {unknown}
 B - a scroll of torment {unknown}
 C - 3 scrolls of noise
 D - 2 scrolls of vulnerability {unknown}
 F - 2 scrolls of poison {unknown}
 I - a scroll of fog {unknown}
 K - 2 scrolls of teleportation {unknown}
 L - 2 scrolls of amnesia
Potions
 j - 5 potions of might
 m - a potion of mutation
 n - 3 potions of brilliance
 p - 3 potions of haste {unknown}
 r - 8 potions of curing
 x - a potion of lignification {unknown}
 z - 4 potions of degeneration
 E - 2 potions of ambrosia {unknown}
 G - a potion of cancellation {unknown}


   Skills:
 - Level 4.0 Fighting
 - Level 2.0 Ranged Weapons
 - Level 5.0 Dodging
 - Level 1.8 Stealth
 * Level 10.1 Spellcasting
 - Level 10.0 Conjurations
 - Level 2.0 Hexes
 - Level 5.0 Fire Magic
 - Level 5.0 Evocations


You had 12 spell levels left.
You knew the following spells:

 Your Spells              Type           Power      Damage    Failure   Level
a - Magic Dart            Conj           100%       1d8       1%          1
b - Searing Ray           Conj           100%       2d8       1%          2
c - Foxfire               Conj/Fire      100%       2x1d9     1%          1
d - Static Discharge      Conj/Air       100%       2-7/arc   1%          2
e - Freeze                Ice            68%        1d8       1%          1
f - Stone Arrow           Conj/Erth      100%       3d13      1%          3
g - Volatile Blastmotes   Fire/Tloc      68%        2d15      1%          3
h - Blink                 Tloc           34%        N/A       1%          2
i - Inner Flame           Hex/Fire       41%        N/A       1%          3

Your spell library contained the following spells:

 Spells                   Type           Power      Damage    Failure   Level
 Mephitic Cloud           Conj/Pois/Air  39%        N/A       1%          3
 Kiss of Death            Conj/Necr      100%       2d13      1%          1
 Sting                    Tmut/Pois      68%        1d6       1%          1
 Lesser Beckoning         Tloc           34%        N/A       1%          2
 Momentum Strike          Conj/Tloc      100%       3d10      1%          2
 Poisonous Vapours        Pois/Air       34%        N/A       1%          2
 Sublimation of Blood     Necr           17%        N/A       1%          2
 Wereblood                Tmut           17%        N/A       1%          2
 Confusing Touch          Hex            30%        N/A       1%          3
 Dazzling Flash           Conj/Hex       100%       N/A       1%          3
 Frozen Ramparts          Ice            34%        1d6       1%          3
 Hailstorm                Conj/Ice       50%        3d11      1%          3
 Fulminant Prism          Conj/Hex       27%        3d14      1%          4
 Iskenderun's Mystic Bla  Conj/Tloc      50%        2d11      1%          4
 Starburst                Conj/Fire      31%        6d9       2%          6
 Olgreb's Toxic Radiance  Pois           17%        N/A       3%          4
 Yara's Violent Unravell  Hex/Tmut       12%        3d7       5%          5
 Dispel Undead            Necr           17%        3d10      11%         4
 Summon Ice Beast         Ice/Summ       17%        N/A       11%         4
 Plasma Beam              Fire/Air       17%        2x1d28    16%         6
 Summon Mana Viper        Hex/Summ       24%        N/A       19%         5
 Enfeeble                 Hex            15%        N/A       98%         7
 Monstrous Menagerie      Summ           8%         N/A       100%        7
 Summon Hydra             Summ           8%         N/A       100%        7


Dungeon Overview and Level Annotations

Branches:
Dungeon (14/15)            Temple (1/1) D:4            Lair (0/5) D:11
    Orc (0/2) D:11        Ossuary (visited)
 Vaults: D:13-14

Altars:
Ashenzari
Cheibriados
Dithmenos
Elyvilon
Fedhas
Gozag
Hepliaklqana
Kikubaaqudgha
Makhleb
Nemelex Xobeh
Okawaru
Qazlal
Ru
Sif Muna
Trog
Uskayaw
Vehumet
Wu Jian
Xom
Yredelemnul
Zin
The Shining One

Shops:
D:7 [   D:9 (


Innate Abilities, Weirdness & Mutations

You can breathe blasts of fire.
Your fiery red scales are hard. (AC +7)
You cannot fit into any form of body armour.
Your flesh is heat resistant. (rF+)
You are cold-blooded and may be slowed by cold attacks.
You have a pair of small horns on your head.
Your mind is acute. (Int +4, Str/Dex -1)
You have an increased reservoir of magic. (+10% MP)
You expend magic power (3 MP) to strengthen your wands.


Message History

The tengu warrior attacks as you move away!
The tengu warrior hits you with a +0 long sword!
* * * LOW HITPOINT WARNING * * *
The tengu warrior barely misses you. x2
The foxfire hits the tengu warrior but does no damage.
The tengu warrior is severely wounded.
Okay, then.
Casting: Foxfire (safe; 1% risk of failure)
Press: ? - help, Q - select action, (/) - cycle Dir - look around, f - activate You conjure some foxfire!
The tengu warrior hits you with a +0 long sword!
* * * LOW HITPOINT WARNING * * *
The tengu warrior pecks you but does no damage.
The tengu warrior claws you.
* * * LOW HITPOINT WARNING * * *
The tengu warrior attacks as you move away!
The tengu warrior closely misses you.
The tengu warrior pecks you but does no damage.
The tengu warrior claws you but does no damage.
The foxfire hits the tengu warrior but does no damage.
The tengu warrior is severely wounded.
You shoot a sling bullet.
The tengu warrior blocks the sling bullet.
The tengu warrior misses you.
The tengu warrior pecks you but does no damage.
The tengu warrior closely misses you.
You shoot a sling bullet.
The tengu warrior blocks the sling bullet.
The tengu warrior misses you. The tengu warrior pecks you.
* * * LOW HITPOINT WARNING * * *
The tengu warrior claws you.
* * * LOW HITPOINT WARNING * * *
The tengu warrior barely misses you.
The tengu warrior closely misses you. x2
You shoot a sling bullet.
The tengu warrior blocks the sling bullet.
The tengu warrior hits you with a +0 long sword.
* * * LOW HITPOINT WARNING * * *
The tengu warrior pecks you but does no damage.
The tengu warrior claws you.
You die...

...# #..$=............
...# #...............
...# #..............# #
######..............##.#
........##.##... ......#
##...##.##.##.###.......
................v.......
........#.#####Q#.......
##...##.........@.......
##...##.#.###..........#
#######+#+# #.########.#
. ... . ...#. . ...# ..


You could see a tengu warrior (inner flame).

Vanquished Creatures
  A gargoyle (D:10)
  2 kobold demonologists
  An unseen horror (D:11)
  2 trolls
  8 yaks
  A wyvern (D:7)
  A vampire (D:9)
  2 vampire mosquitoes (D:11)
  2 acid dragons
  A water moccasin (D:6)
  4 orc warriors
  2 ice beasts
  2 ogres
  2 sky beasts
  7 centaurs
  A phantom (D:4)
  4 kobold brigands (D:9)
  2 elf zombies (Ossuary)
  6 bullfrogs
  2 scorpions (D:6)
  9 wights
  5 killer bees (D:9)
  9 howler monkeys (D:10)
  2 jellies
  2 human zombies (Ossuary)
  6 orc priests
  5 hounds
  2 gnoll boudas (D:5)
  A sleepcap (D:7)
  4 iguanas
  12 orc wizards
  5 mummies
  7 gnolls (D:5)
  6 adders
  2 shadow imps (D:6)
  A white imp (D:6)
  An ufetubus (D:6)
  3 adder zombies (Ossuary)
  5 dart slugs
  37 orcs
  10 ball pythons
  5 bats
  6 endoplasms
  A giant cockroach (D:1)
  A gnoll zombie (Ossuary)
  13 goblins
  10 hobgoblins
  4 jackals (D:2)
  6 quokkas
  11 frilled lizards
  A hobgoblin zombie (Ossuary)
  13 kobolds
  2 kobold zombies (Ossuary)
  9 rats
  A rat zombie (Ossuary)
270 creatures vanquished.

Vanquished Creatures (others)
  An orc (D:4)
  199 foxfires
200 creatures vanquished.

Grand Total: 470 creatures vanquished

Notes
Turn   | Place    | Note
-------+----------+-------------------------------------------
     0 | D:1      | klm127 the Draconian Conjurer began the quest for the Orb.
     0 | D:1      | Reached XP level 1. HP: 14/14 MP: 3/3
   212 | D:1      | Reached XP level 2. HP: 20/20 MP: 2/5
   796 | D:1      | Reached XP level 3. HP: 26/26 MP: 2/7
  1398 | D:2      | Found a shimmering altar of Xom.
  1420 | D:2      | Found a faded altar of an unknown god.
  1665 | D:2      | Reached XP level 4. HP: 33/33 MP: 5/9
  2515 | D:3      | Reached skill level 5 in Conjurations
  2970 | D:3      | Reached XP level 5. HP: 38/38 MP: 5/10
  3017 | D:3      | Learned a level 2 spell: Searing Ray
  3127 | D:4      | Gained mutation: You expend magic power (3 MP) to
                  | strengthen your wands. [potion of mutation]
  3127 | D:4      | Gained mutation: You have a pair of small horns on your
                  | head. [potion of mutation]
  3127 | D:4      | Gained mutation: Your mind is acute. (Int +4, Str/Dex -1)
                  | [potion of mutation]
  3127 | D:4      | Gained mutation: You have an increased reservoir of magic.
                  | (+10% MP) [potion of mutation]
  3159 | D:4      | Noticed an ogre
  3167 | D:4      | Killed an ogre
  3312 | D:4      | Reached XP level 6. HP: 30/45 MP: 3/12
  3802 | D:4      | Found a staircase to the Ecumenical Temple.
  3913 | Temple   | Entered the Ecumenical Temple
  4006 | Temple   | Became a worshipper of Vehumet
  4122 | D:5      | Entered Level 5 of the Dungeon
  4131 | D:5      | Your scales start taking on a fiery red colour.
  4131 | D:5      | Reached XP level 7. HP: 48/50 MP: 5/13
  4131 | D:5      | Gained mutation: Your flesh is heat resistant. (rF+) [Red
                  | Draconian growth]
  4412 | D:5      | Found a sand-covered staircase.
  4421 | Ossuary  | Entered an ossuary
  4946 | D:5      | Reached * piety under Vehumet
  4946 | D:5      | Offered knowledge of Foxfire by Vehumet.
  5103 | D:5      | Reached XP level 8. HP: 38/57 MP: 10/14
  5180 | D:5      | Identified the +9 sling of Vedaer {elec, Int+7 Dex-2}
  5234 | D:5      | Found an opulent altar of Gozag.
  5544 | D:5      | Reached skill level 10 in Conjurations
  5571 | D:5      | Learned a level 1 spell: Foxfire
  5849 | D:6      | Reached skill level 1 in Ranged Weapons
  6059 | D:6      | Reached skill level 5 in Spellcasting
  6470 | D:6      | Offered knowledge of Static Discharge by Vehumet.
  6471 | D:6      | Reached XP level 9. HP: 62/62 MP: 13/20
  6471 | D:6      | Reached ** piety under Vehumet
  6547 | D:6      | Learned a level 2 spell: Static Discharge
  7402 | D:7      | Reached skill level 1 in Fighting
  7603 | D:7      | Found Xinun's Armour Boutique.
  7641 | D:7      | Reached skill level 1 in Evocations
  7861 | D:7      | Learned a level 1 spell: Freeze
  8179 | D:7      | Reached skill level 1 in Hexes
  8179 | D:7      | Found a sacrificial altar of Ru.
  8179 | D:7      | Found a glowing golden altar of the Shining One.
  8816 | D:8      | Offered knowledge of Stone Arrow by Vehumet.
  8840 | D:8      | Learned a level 3 spell: Stone Arrow
  9925 | D:9      | Found Plog's Weapon Emporium.
 10042 | D:9      | Identified the +0 pair of boots "Efihewon" {rCorr Str+2}
 10056 | D:9      | Noticed a troll
 10067 | D:9      | Killed a troll
 10067 | D:9      | Reached *** piety under Vehumet
 10068 | D:9      | Reached XP level 10. HP: 77/78 MP: 8/24
 10545 | D:9      | Offered knowledge of Volatile Blastmotes by Vehumet.
 10550 | D:9      | Learned a level 3 spell: Volatile Blastmotes
 10821 | D:9      | Reached skill level 1 in Fire Magic
 10821 | D:9      | Reached skill level 5 in Evocations
 10994 | D:9      | Learned a level 2 spell: Blink
 10995 | D:10     | Entered Level 10 of the Dungeon
 11006 | D:10     | Learned a level 3 spell: Inner Flame
 11230 | D:10     | Noticed a gargoyle
 11236 | D:10     | Killed a gargoyle
 11237 | D:10     | Reached skill level 5 in Fire Magic
 11390 | D:9      | Noticed a sun demon
 11557 | D:10     | Reached **** piety under Vehumet
 11743 | D:10     | Reached skill level 5 in Dodging
 12297 | D:10     | Identified the +1 leather armour of Absolutism {Int+7}
 12325 | D:10     | Found a hazy altar of Hepliaklqana.
 12600 | D:11     | Found a staircase to the Orcish Mines.
 12607 | D:11     | Reached XP level 11. HP: 84/84 MP: 21/27
 12608 | D:11     | Offered knowledge of Mephitic Cloud by Vehumet.
 12616 | D:11     | Reached skill level 10 in Spellcasting
 12785 | D:11     | Found a staircase to the Lair.
 12864 | D:11     | You fall into a shaft and drop 3 floors!
 12870 | D:13     | Noticed a tengu warrior
 12904 | D:13     | HP: 1/84 [tengu warrior/+0 long sword (6)]
 12904 | D:13     | Slain by a tengu warrior

Illustrated notes

Levels and vault maps discovered:
D:1:      dpeg_arrival_erosion, layout_rooms
D:2:      layout_loops_cross, basic_altar,
          shapermc_ecumenical_altar_mp_ritualfount, minmay_lizard_pond
D:3:      layout_basic
D:4:      layout_cave_pools, minmay_temple_entry_overgrown, serial_park,
          serial_park_tiny_1, serial_park_tiny_pond, serial_park_avenue1,
          kennysheep_generic_room_15
D:5:      layout_loops_cross, overflow_temple_1_default,
          gup_ossuary_entry_pyramid
D:6:      layout_loops_ring
D:7:      layout_basic, nicolae_overflow_two_pavilions, serial_shops, shop,
          nicolae_twisty_statue_hallways
D:8:      layout_layer_cave
D:9:      layout_gridville, enter_bailey_3, serial_shops,
          nicolae_shop_tiny_statue_garden
D:10:     layout_rooms, old_standard_altar
D:11:     layout_irregular_city, lair_entry_dummy, david_orc_3
D:13:     layout_basic, nicolae_twisting_strands
D:14:     hangedman_screamer, layout_basic, grunt_vaults_entry_fortified,
          nicolae_qazlal_scattered_showers, serial_shops, shop
Temple:   compressed_dpeg_circular_temple

Skill      XL: |  1  2  3  4  5  6  7  8  9 10 11 |
---------------+----------------------------------+-----
Spellcasting   | 3 6 8 9 10 | 10.1
Conjurations   | 5 6 7 9 10 | 10.0
Ranged Weapons | 2 |  2.0
Dodging        | 3 5 |  5.0
Fighting       | 3 4 |  4.0
Evocations     | 3 5 |  5.0
Hexes          | 2 |  2.0
Fire Magic     | 5 |  5.0
Stealth        | |  1.8

Action                     |  1- 3 |  4- 6 |  7- 9 | 10-12 || total
---------------------------+-------+-------+-------+-------++-------
  Melee: Dagger            |    11 |    15 |    42 |       ||    68
         Headbutt          |       |     1 |     9 |       ||    10
         Tailslap          |       |       |    11 |       ||    11
   Fire: Sling             |       |       |    22 |    29 ||    51
  Throw: Boomerang         |       |       |     2 |       ||     2
         Stone             |       |       |     3 |       ||     3
   Cast: Magic Dart        |    93 |    86 |       |     3 ||   182
         Searing Ray       |       |    13 |    74 |     7 ||    94
         Foxfire           |       |       |    56 |    89 ||   145
         Stone Arrow       |       |       |     7 |    31 ||    38
         Static Discharge  |       |       |     2 |     2 ||     4
         Inner Flame       |       |       |       |    15 ||    15
         Volatile Blastmot |       |       |       |    17 ||    17
         Blink             |       |       |       |     2 ||     2
         Freeze            |       |       |       |     1 ||     1
Ability: Breathe Fire      |       |       |     4 |       ||     4
  Evoke: Wand              |       |       |     1 |       ||     1
    Use: Scroll            |       |     6 |     9 |     1 ||    16
         Potion            |       |     3 |     3 |     4 ||    10
 Armour: Skin              |    10 |    24 |    79 |    37 ||   150
  Dodge: Dodged            |    13 |    22 |   138 |    78 ||   251

Table legend: (Time is in decaauts)
 A = Elapsed time spent in this place.
 B = Non-inter-level travel time spent in this place.
 C = Inter-level travel time spent in this place.
 D = Time resting spent in this place.
 E = Time spent auto-exploring this place.
 F = Levels seen in this place.
 G = Mean time per level.
                   A        B        C        D        E       F      G
               +--------+--------+--------+--------+--------+-----+--------+
         Total |  12941 |  12636 |    305 |   4377 |   5442 |  15 |  862.7 |
       Dungeon |  12353 |  12054 |    299 |   4285 |   5339 |  13 |  950.2 |
        Temple |    100 |     94 |      6 |      0 |      0 |   1 |  100.0 |
       Ossuary |    487 |    487 |      0 |     92 |    103 |   1 |  487.0 |
               +--------+--------+--------+--------+--------+-----+--------+

Top non-repeatable levels by time:
     D:9: 1703 daAuts
     D:8: 1573 daAuts
     D:6: 1453 daAuts
     D:1: 1228 daAuts
     D:7: 1178 daAuts
     D:5: 1101 daAuts
     D:4: 1020 daAuts
     D:2: 1007 daAuts
     D:3: 869 daAuts
    D:10: 781 daAuts
 Ossuary: 487 daAuts
    D:11: 395 daAuts
  Temple: 100 daAuts
    D:13: 34 daAuts
    D:14: 5 daAuts
